 Dungeon Crawl Stone Soup version 0.29.0-4-gdea44cf6ec (webtiles) character file.

Game seed: 13775290416017017781

151 qw the Chopper (level 5, -10/33 HPs)
             Began as a Gargoyle Berserker on Sept 7, 2022.
             Was a Believer of Trog.
             Mangled by a mummy (11 damage)
             ... in an ossuary.
             The game lasted 00:01:13 (3719 turns).

qw the Chopper (Gargoyle Berserker)                 Turns: 3719, Time: 00:01:13

Health: -10/33     AC: 14    Str: 22    XL:     5   Next: 33%
Magic:  5/5        EV: 11    Int:  8    God:    Trog [**....]
Gold:   48         SH:  0    Dex:  9    Spells: 4/4 levels left

rFire   . . .      SeeInvis .   Y - +0 war axe
rCold   . . .      Faith    .   (no shield)
rNeg    + . .      Spirit   .   d - +0 ring mail {Will+}
rPois   inf        Reflect  .   n - +1 helmet
rElec   +          Harm     .   (no cloak)
rCorr   .          Rampage  .   (no gloves)
Will    +....                   a - +2 pair of boots {Stlth+}
Stlth   +.........              k - amulet of the acrobat
HPRegen 0.11/turn               (no ring)
MPRegen 0.09/turn               (no ring)

@: on berserk cooldown, slowed, very slow
A: sickness immunity, AC +4, negative energy resistance 1, electricity
resistance, torment resistance 1, petrification resistance
a: Renounce Religion, Berserk, Trog's Hand


You were in an ossuary.
You worshipped Trog.
Trog was pleased with you.
You visited 1 branch of the dungeon, and saw 4 of its levels.
You also visited: Ossuary.

You collected 132 gold pieces.
You spent 84 gold pieces at shops.


Innate Abilities, Weirdness & Mutations

You are immune to sickness and miasma.
Your stone body is resilient. (AC +4)
You are immune to poison.
You resist negative energy. (rN+)
You are resistant to electric shocks. (rElec)
You are resistant to unholy torment.
You are immune to petrification.


   Skills:
 - Level 4.0 Fighting
 + Level 5.0 Axes
 - Level 2.1 Armour
 - Level 1.5 Dodging


You had 4 spell levels left.
You didn't know any spells.
Your spell library was empty.

Inventory:

Hand Weapons
 g - a +0 flail
 Y - a +0 war axe (weapon)
Armour
 a - a +2 pair of boots of stealth (worn)
 d - a +0 ring mail of willpower (worn)
 n - a +1 helmet (worn)
Jewellery
 k - an amulet of the acrobat (around neck)
Scrolls
 q - a scroll of identify
Potions
 h - a potion of attraction {unknown}
 i - a potion of ambrosia {unknown}
 j - a potion of magic {unknown}
 p - a potion of mutation {unknown}

Dungeon Overview and Level Annotations

Branches:
Dungeon (4/15)            Ossuary (1/1)
 Temple: D:4-7

Altars:
Kikubaaqudgha
Trog

Shops:
D:3 (?


Message History

A red film seems to cover your vision as you go berserk!
You feel yourself moving faster!
You feel mighty! 2 mummies come into view.
You feel a strong urge to attack something.
The orc zombie misses you.
You slice the orc zombie!!
You destroy the orc zombie!
Trog accepts your kill.
A kobold zombie comes into view.
You feel a strong urge to attack something.
A mummy comes into view.
You feel your anger nearly subside.
You are no longer berserk.
You are exhausted.
You feel yourself slow down.
You barely miss the mummy. You hit the mummy but do no damage.
The mummy hits you but does no damage. The mummy hits you.
The kobold zombie hits you but does no damage.
You barely miss the mummy. You slash the mummy!
You barely miss the kobold zombie. The mummy barely misses you.
The mummy hits you! The kobold zombie barely misses you.
The mummy barely misses you.
You slash the mummy!
You destroy the mummy!
Trog accepts your kill.
You hit the mummy. You hit the kobold zombie.
The kobold zombie hits you but does no damage.
The mummy hits you. The kobold zombie misses you.
Your Fighting skill increases to level 4!
You closely miss the kobold zombie.
The kobold zombie is moderately damaged.
You hit the mummy.
The kobold zombie hits you but does no damage.
The mummy barely misses you.
You slash the mummy!
You destroy the mummy!
Trog accepts your kill.
You slash the mummy! You barely miss the kobold zombie.
The kobold zombie hits you but does no damage.
The mummy hits you!
You die...

..## ### ....#
.. ##..## .....
..##....##.....
...............
..............#
.......M.....#
#.....@Z.#
##......##
##....## #....#
#....# #....#
#....# #....#
#....#


You could see a mummy and a kobold zombie.

Vanquished Creatures
  4 mummies (Ossuary)
  Robin (D:2)
  2 adders
  A worm (D:2)
  A dart slug (D:3)
  An orc (D:3)
  6 bats
  4 endoplasms
  A giant cockroach (D:1)
  14 goblins
  11 hobgoblins
  3 jackals (D:1)
  3 quokkas
  4 ball pythons
  3 frilled lizards
  2 gnoll zombies (Ossuary)
  A hobgoblin zombie (Ossuary)
  9 kobolds
  2 kobold zombies (Ossuary)
  2 orc zombies (Ossuary)
  2 rats (D:1)
77 creatures vanquished.

Notes
Turn   | Place    | Note
-------+----------+-------------------------------------------
     0 | D:1      | qw the Gargoyle Berserker began the quest for the Orb.
     0 | D:1      | Reached XP level 1. HP: 14/14 MP: 1/1
     0 | D:1      | 0 ||| qw: Version: 0.1-a-108-g9e35731
     0 | D:1      | 0 ||| qw: Game counter: 6571
     0 | D:1      | 0 ||| qw: Always use a shield: true
     0 | D:1      | 0 ||| qw: Do Orc after D:15 true
     0 | D:1      | 0 ||| qw: Do second Lair branch before Depths: true
     0 | D:1      | 0 ||| qw: Lair rune preference: random
     0 | D:1      | 0 ||| qw: Plans: Normal
     0 | D:1      | 0 ||| PLANNING D:1-11
   229 | D:1      | Reached skill level 3 in Axes
   427 | D:1      | Reached XP level 2. HP: 19/19 MP: 2/2
   452 | D:1      | 452 ||| Stepping ~*~*~tactically~*~*~ (stealth).
   453 | D:1      | 453 ||| Stepping ~*~*~tactically~*~*~ (stealth).
   511 | D:1      | 511 ||| Stepping ~*~*~tactically~*~*~ (stealth).
   821 | D:1      | 821 ||| DROPPING +0 club.
   850 | D:1      | Reached XP level 3. HP: 20/23 MP: 3/3
  1101 | D:1      | Reached ** piety under Trog
  1415 | D:1      | 1415 ||| Stepping ~*~*~tactically~*~*~ (stealth).
  1416 | D:1      | 1416 ||| Stepping ~*~*~tactically~*~*~ (stealth).
  1417 | D:1      | 1417 ||| Stepping ~*~*~tactically~*~*~ (stealth).
  1439 | D:1      | Found a faded altar of an unknown god.
  1452 | D:1      | 1452 ||| UPGRADING to +0 ring mail of willpower.
  1462 | D:1      | 1462 ||| DROPPING +0 animal skin.
  1463 | D:1      | 1463 ||| READING scroll labelled BOYCOUH CUSE.
  1464 | D:1      | 1464 ||| READING scroll labelled FOMERICSAA.
  1465 | D:1      | 1465 ||| READING 2 scrolls labelled EZOESS RIYLI.
  1466 | D:1      | 1466 ||| READING scroll labelled RAD AGIEZAO.
  1469 | D:1      | 1469 ||| READING scroll labelled PAGEESE VI OSS.
  1470 | D:1      | 1470 ||| DROPPING scroll of butterflies.
  1518 | D:2      | 1518 ||| Stepping ~*~*~tactically~*~*~ (hiding).
  1519 | D:2      | 1519 ||| Stepping ~*~*~tactically~*~*~ (stealth).
  1530 | D:2      | Reached skill level 4 in Axes
  1537 | D:2      | Noticed Robin
  1539 | D:2      | 1539 ||| INVOKING Berserk.
  1546 | D:2      | Killed Robin
  1750 | D:2      | Reached XP level 4. HP: 28/28 MP: 4/4
  2779 | D:2      | 2779 ||| UPGRADING to +0 helmet.
  2784 | D:2      | 2784 ||| READING scroll labelled OFUNOE FOHIRI.
  2785 | D:2      | 2785 ||| READING scroll labelled MYUPRO LOTOAP.
  3036 | D:3      | Found Ujaugaid's Weapon Boutique.
  3048 | D:3      | 3048 ||| SHOPLISTING +0 flail of draining (83 gold, have
                  | 78).
  3138 | D:3      | 3138 ||| Stepping ~*~*~tactically~*~*~ (stealth).
  3145 | D:3      | 3145 ||| Stepping ~*~*~tactically~*~*~ (stealth).
  3232 | D:3      | 3232 ||| SWAPPING to +0 war axe.
  3234 | D:3      | 3234 ||| DROPPING +0 hand axe.
  3240 | D:3      | 3240 ||| Stepping ~*~*~tactically~*~*~ (stealth).
  3257 | D:3      | 3257 ||| Stepping ~*~*~tactically~*~*~ (stealth).
  3300 | D:3      | Found an ancient bone altar of Kikubaaqudgha.
  3301 | D:3      | Found a bloodstained altar of Trog.
  3424 | D:3      | Found Vatoqos's Magic Scroll Shop.
  3430 | D:3      | 3430 ||| BUYING scroll of identify (28 gold).
  3430 | D:3      | Bought a scroll of identify for 28 gold pieces
  3430 | D:3      | 3430 ||| BUYING scroll of identify (28 gold).
  3430 | D:3      | Bought a scroll of identify for 28 gold pieces
  3430 | D:3      | 3430 ||| BUYING scroll of identify (28 gold).
  3430 | D:3      | Bought a scroll of identify for 28 gold pieces
  3510 | D:3      | 3510 ||| UPGRADING to +1 helmet.
  3520 | D:3      | 3520 ||| DROPPING +0 helmet.
  3521 | D:3      | 3521 ||| UPGRADING to amulet of the acrobat.
  3526 | D:3      | 3526 ||| READING scroll labelled RAZUOL CAURR.
  3527 | D:3      | 3527 ||| READING scroll labelled TUAFATI LEGIA.
  3528 | D:3      | 3528 ||| READING scroll labelled GECHINUETO.
  3528 | D:3      | Identified a scroll of acquirement
  3528 | D:3      | 3528 ||| ACQUIRING +2 pair of boots of stealth
  3528 | D:3      | Acquired a +2 pair of boots of stealth
  3530 | D:3      | 3530 ||| UPGRADING to +2 pair of boots of stealth.
  3535 | D:3      | 3535 ||| DRINKING 2 bubbling yellow potions.
  3552 | D:3      | 3552 ||| READING 3 scrolls of identify.
  3552 | D:3      | 3552 ||| IDENTIFYING fizzy cyan potion
  3553 | D:3      | 3553 ||| READING 2 scrolls of identify.
  3553 | D:3      | 3553 ||| IDENTIFYING fizzy brown potion
  3554 | D:3      | 3554 ||| DROPPING potion of lignification.
  3555 | D:3      | 3555 ||| DROPPING potion of berserk rage.
  3556 | D:3      | 3556 ||| DROPPING potion of degeneration.
  3574 | D:4      | Found a sand-covered staircase.
  3575 | D:4      | 3575 ||| PLANNING OSSUARY
  3584 | Ossuary  | Entered an ossuary
  3599 | Ossuary  | Reached skill level 5 in Axes
  3628 | Ossuary  | 3628 ||| INVOKING Berserk.
  3632 | Ossuary  | Reached XP level 5. HP: 21/32 MP: 5/5
  3632 | Ossuary  | HP: 9/48 [mummy (13)]
  3708 | Ossuary  | 3708 ||| INVOKING Berserk.
  3716 | Ossuary  | HP: 5/33 [mummy (10)]
  3717 | Ossuary  | HP: 1/33 [mummy (5)]
  3719 | Ossuary  | Mangled by a mummy

Levels and vault maps discovered:
D:1:      sevenhm_arrival_forest_fort_large_3, layout_loops_ring,
          shapermc_ecumenical_altar_mp_vishouse
D:2:      layout_basic, uniq_robin
D:3:      layout_rooms, chequers_temple_overflow_statue_of_worship,
          serial_shops, shop, shop
D:4:      layout_basic, minmay_temple_entry_tees,
          nicolae_ossuary_entry_monument, serial_rivers,
          chequers_serial_rivers_small_a, chequers_serial_rivers_small_a,
          chequers_serial_rivers_room_a, chequers_serial_rivers_small_a,
          chequers_serial_rivers_small_b, chequers_serial_rivers_micro_a,
          minmay_fire_ice_demons
Ossuary:  ossuary_tomb_3

Skill      XL: |  1  2  3  4  5 |
---------------+----------------+-----
Axes           | 3 4 5 |  5.0
Fighting       | 4 |  4.0
Armour         | |  2.1
Dodging        | |  1.5

Action                   |  1- 3 |  4- 6 || total
-------------------------+-------+-------++-------
Melee: Hand axe          |   118 |    70 ||   188
       War axe           |       |    38 ||    38
       Punch             |       |     1 ||     1
Invok: Berserk           |     1 |     2 ||     3
  Use: Scroll            |     5 |     7 ||    12
       Potion            |       |     1 ||     1
Armor: Animal skin       |    19 |       ||    19
       Ring mail         |    19 |    48 ||    67
Dodge: Dodged            |    65 |    48 ||   113

Table legend:
 A = Non-vault XP
 B = Vault XP
 C = Vault XP percentage of total XP
 D = Non-vault monster count
 E = Vault monster count
 F = Vault count percentage of total count
                 A         B        C        D         E       F
            +---------+---------+-------+---------+---------+-------
      Total |     121 |     113 |  48.3 |      55 |      22 |  28.6
            +---------+---------+-------+---------+---------+-------
        D:1 |      43 |       0 |   0.0 |      26 |       0 |   0.0
        D:2 |      41 |      33 |  44.6 |      15 |      11 |  42.3
        D:3 |      37 |       0 |   0.0 |      14 |       0 |   0.0
    Ossuary |       0 |      80 | 100.0 |       0 |      11 | 100.0
            +---------+---------+-------+---------+---------+-------
